 Dungeon Crawl Stone Soup version 0.30.1-9-gdf580d7c3d (webtiles) character file.

Game seed: 14594202691820614788

3307 101zpm the Thaumaturge (level 10, -7/60 HPs)
             Began as a Djinni Fire Elementalist on Sept 25, 2023.
             Mangled by a two-headed ogre
             ... wielding a +0 giant spiked club
              (23 damage)
             ... on level 8 of the Dungeon.
             The game lasted 00:19:31 (6633 turns).

101zpm the Thaumaturge (Djinni Fire Elementalist)   Turns: 6633, Time: 00:19:32

Health: -7/60      AC:  4    Str: 15    XL:     10   Next: 21%
Gold:   327        EV: 13    Int: 24    God:
                   SH:  0    Dex: 16

rFire   + + .        (no weapon)
rCold   x . .        (no shield)
rNeg    . . .        a - +0 robe
rPois   ∞            H - +0 hat of Dice, Bag, and Bottle {rF- Str+8 Int-3 Dex+2}
rElec   .            x - +1 cloak
rCorr   .            (no gloves)
SInv    .            (boots unavailable)
Will    +....        y - amulet of regeneration
Stlth   ++           b - +6 ring of intelligence
HPRegen 1.10/turn    p - ring of protection from fire
MPRegen 0.00/turn

%: infuse magic (-8 HP)
@: flying
A: sickness immunity, fire resistance 2, cold vulnerability 1, float, innate
caster, HP casting, extra vitality 1
a: no special abilities


You were on level 8 of the Dungeon.
You visited 2 branches of the dungeon, and saw 9 of its levels.

You collected 327 gold pieces.

Inventory:

Missiles
 u - a throwing net
Armour
 a - a +0 robe (worn)
 v - a +0 helmet
 x - a +1 cloak (worn)
 H - the +0 hat of Dice, Bag, and Bottle (worn) {rF- Str+8 Int-3 Dex+2}
   (You found it on level 7 of the Dungeon)

   Str:       It affects your strength (+8).
   Int:       It affects your intelligence (-3).
   Dex:       It affects your dexterity (+2).
   rF:        It makes you vulnerable to fire.
Magical Staves
 w - a staff of fire
Jewellery
 b - a +6 ring of intelligence (left hand)
 n - a ring of positive energy
 p - a ring of protection from fire (right hand)
 y - an amulet of regeneration (around neck)
 D - a ring of ice
Wands
 r - a wand of charming (7)
 A - a wand of roots (7)
 B - a wand of polymorph (7)
Scrolls
 d - 2 scrolls of blinking {unknown}
 e - a scroll of fog {unknown}
 g - 4 scrolls of teleportation {unknown}
 h - 5 scrolls of identify {unknown}
 j - 2 scrolls of summoning {unknown}
 k - a scroll of enchant weapon {unknown}
 m - 2 scrolls of enchant armour {unknown}
 o - a scroll of immolation {unknown}
 s - 2 scrolls of vulnerability {unknown}
 E - a scroll of poison {unknown}
 G - a scroll of acquirement {unknown}
Potions
 c - 2 potions of magic {unknown}
 f - a potion of ambrosia {unknown}
 i - a potion of attraction {unknown}
 l - 3 potions of mutation {unknown}
 q - a potion of heal wounds {unknown}
 t - 2 potions of curing {unknown}
 z - 2 potions of flight {unknown}
 C - a potion of brilliance {unknown}
 F - a potion of might {unknown}


   Skills:
 + Level 3.4 Dodging
 + Level 3.1 Stealth
 + Level 10.5 Spellcasting


You knew the following spells:

 Your Spells              Type           Power      Damage    Failure   Level
a - Foxfire               Conj/Fire      100%       2x1d9     1%          1
b - Scorch                Fire           100%       2d9       1%          2
c - Volatile Blastmotes   Fire/Tloc      100%       2d18      1%          3
d - Inner Flame           Hex/Fire       58%        N/A       1%          3
e - Flame Wave            Conj/Fire      58%        2d14      1%          4
f - Apportation           Tloc           100%       N/A       1%          1
g - Lesser Beckoning      Tloc           100%       N/A       1%          2
h - Confusing Touch       Hex            58%        N/A       1%          3
i - Anguish               Hex/Necr       29%        N/A       1%          4
Your spell library was empty.

Dungeon Overview and Level Annotations

Branches:
Dungeon (8/15)             Temple (1/1) D:5
   Lair: D:8-11

Altars:
Ashenzari
Cheibriados
Dithmenos
Fedhas
Gozag
Hepliaklqana
Nemelex Xobeh
Okawaru
Ru
Trog
Wu Jian
Xom
Yredelemnul
Zin
The Shining One
Jiyva

Shops:
D:2 *   D:4 *   D:5 =


Innate Abilities, Weirdness & Mutations

You are immune to sickness and miasma.
You are immune to poison.
Your flesh is very heat resistant. (rF++)
You are vulnerable to cold. (rC-)
You float through the air rather than walking.
You learn spells naturally, not from books.
Your magical power is your life essence.
You have superior vitality. (+4 MHP)


Message History

The orc warrior is almost dead.
Your foxfire dissipates!
The orc warrior is no longer more vulnerable to fire.
Casting: Foxfire (safe; 1% risk of failure)
Confirm with . or Enter, or press ? or * to list all spells.
Flames lash the orc warrior.
* * * LOW HITPOINT WARNING * * *
The orc warrior explodes!
You hear a bellow!
A puff of flame appears from out of thin air!
The puff of flame hits you. You resist.
* * * LOW HITPOINT WARNING * * *
A two-headed ogre comes into view.
It is wielding a +0 giant spiked club and a +0 dire flail.
Okay, then.
Casting: Scorch (safe; 1% risk of failure)
Confirm with . or Enter, or press ? or * to list all spells.
Aiming: Inner Flame (safe; 1% risk of failure)
Press: ? - help, Dir - move target, f - two-headed ogre
Aim: a two-headed ogre, wielding a +0 giant spiked club and a +0 dire flail (wandering, hasn't noticed you, chance to affect: 87%)
The two-headed ogre shouts in stereo!
The two-headed ogre is filled with an inner flame.
* * * LOW HITPOINT WARNING * * *
Casting: Foxfire (safe; 1% risk of failure)
Press: ? - help, Q - select action, (/) - cycle Dir - look around, f - activate You conjure some foxfire!
* * * LOW HITPOINT WARNING * * *
Casting: Foxfire (safe; 1% risk of failure)
Confirm with . or Enter, or press ? or * to list all spells.
Flames lash the two-headed ogre but do no damage.
* * * LOW HITPOINT WARNING * * *
You hear a bellow!
The foxfire hits the two-headed ogre.
Flame seeps out of the two-headed ogre.
The two-headed ogre is lightly wounded.
The two-headed ogre is engulfed in blazing flames.
Flame seeps out of the two-headed ogre.
Your foxfire dissipates!
The two-headed ogre attacks as you move away!
The two-headed ogre misses you.
The two-headed ogre hits you with a +0 dire flail!!
You die...

.. .. . .## ##. . .>
... ..... ... ... ".
..#.#######.....
#..#.###.#.#...@O○.....
#........#.##.####.....
#.#......#.#....# .#.
#....).....§..#.#
#.....)..§☼.).#.#
#+#.####...#..#.# ..
###...#....# ...
#..........# ## ..
#..........#..#


You could see a two-headed ogre (inner flame).

Vanquished Creatures
  Erica (D:8)
  A spriggan (D:7)
  A wraith (D:8)
  2 wyverns
  2 water moccasins
  Duvessa (D:6)
  2 ice beasts
  An orc warrior (D:8)
  An ogre (D:5)
  3 phantoms
  2 bullfrogs
  3 scorpions
  5 wights
  Dowan (D:6)
  A jelly (D:6)
  2 orc priests
  3 hounds
  A sleepcap (D:6)
  3 iguanas (D:5)
  2 orc wizards
  13 gnolls
  12 adders
  2 white imps
  A worm (D:2)
  3 dart slugs
  16 orcs
  5 ball pythons
  4 endoplasms
  5 giant cockroaches
  4 goblins
  2 hobgoblins
  2 jackals (D:5)
  7 kobolds
  2 quokkas
  6 bats
  6 rats
128 creatures vanquished.

Vanquished Creatures (collateral kills)
  A foxfire (D:5)
1 creature vanquished.

Vanquished Creatures (others)
  335 foxfires
335 creatures vanquished.

Grand Total: 464 creatures vanquished

Notes
Turn   | Place    | Note
-------+----------+-------------------------------------------
     0 | D:1      | 101zpm the Djinni Fire Elementalist began the quest for the
                  | Orb.
     0 | D:1      | 101zpm set off with the following spells memorised:
                  | Foxfire, Scorch, Volatile Blastmotes, Inner Flame, Flame
                  | Wave.
     0 | D:1      | Reached XP level 1. HP: 15/15 MP: 0/0
   125 | D:2      | Reached XP level 2. HP: 16/21 MP: 0/0
   338 | D:2      | Found Doduis's General Store.
   428 | D:3      | Reached skill level 3 in Spellcasting
   444 | D:3      | Reached XP level 3. HP: 15/25 MP: 0/0
   444 | D:3      | Learned a level 1 spell: Apportation
   613 | D:5      | Entered Level 5 of the Dungeon
   753 | D:6      | Found a snail-covered altar of Cheibriados.
   768 | D:6      | Reached XP level 4. HP: 29/31 MP: 0/0
   774 | D:6      | Noticed an ogre
   850 | D:5      | Reached skill level 4 in Spellcasting
   850 | D:5      | Reached XP level 5. HP: 31/35 MP: 0/0
   850 | D:5      | Learned a level 2 spell: Lesser Beckoning
   879 | D:5      | Noticed an ice beast
   882 | D:5      | Killed an ice beast
   883 | D:5      | Reached XP level 6. HP: 10/40 MP: 0/0
  1803 | D:2      | Reached skill level 5 in Spellcasting
  2792 | D:1      | Found a faded altar of an unknown god.
  3600 | D:4      | Found a sparkling altar of Nemelex Xobeh.
  3688 | D:4      | Found Semmo's Assorted Antiques.
  3707 | D:4      | Reached XP level 7. HP: 32/45 MP: 0/0
  3707 | D:4      | Learned a level 3 spell: Confusing Touch
  4113 | D:4      | Found a bloodstained altar of Trog.
  4786 | D:5      | Found a staircase to the Ecumenical Temple.
  4799 | Temple   | Entered the Ecumenical Temple
  5002 | D:5      | Reached skill level 6 in Spellcasting
  5414 | D:5      | Reached XP level 8. HP: 47/50 MP: 0/0
  5474 | D:5      | Found Fuyhaal's Jewellery Shop.
  5705 | D:6      | Reached skill level 7 in Spellcasting
  5737 | D:6      | Noticed Duvessa
  5743 | D:6      | Killed Duvessa
  5744 | D:6      | Noticed Dowan
  5746 | D:6      | Killed Dowan
  5805 | D:6      | Found an ornate altar of the Wu Jian Council.
  5833 | D:6      | Found a blossoming altar of Fedhas.
  5838 | D:6      | Reached skill level 8 in Spellcasting
  5838 | D:6      | Reached XP level 9. HP: 41/55 MP: 0/0
  5838 | D:6      | Learned a level 4 spell: Anguish
  6330 | D:7      | Reached skill level 9 in Spellcasting
  6367 | D:7      | Identified the +0 hat of Dice, Bag, and Bottle {rF- Str+8
                  | Int-3 Dex+2}
  6532 | D:7      | Found a glowing golden altar of the Shining One.
  6603 | D:8      | Noticed Erica
  6609 | D:8      | Killed Erica
  6610 | D:8      | Reached skill level 10 in Spellcasting
  6610 | D:8      | Reached XP level 10. HP: 30/60 MP: 0/0
  6629 | D:8      | Noticed a two-headed ogre
  6633 | D:8      | Mangled by a two-headed ogre

Illustrated notes

Levels and vault maps discovered:
D:1:      dpeg_arrival_boxes_within_box, layout_basic,
          ebering_ecumenical_altar_box, minmay_strange_pillars,
          minmay_misc_feat_iff
D:2:      layout_basic, serial_shops, nicolae_lakefront_shop,
          palyth_stone_intersect
D:3:      layout_loops_ring
D:4:      layout_rooms, nemelex_altar_shiori, lemuel_coloured_pillars_altar,
          serial_shops, nicolae_square_shop, chequers_decorated_corner
D:5:      layout_basic, minmay_temple_entry_trees, serial_shops,
          nicolae_shop_behind_doors
D:6:      layout_basic, fedhas_altar_1, nzn_wu_jian_contemplation,
          kennysheep_slug_shrine, hangedman_decor_riveting, uniq_duvessa
D:7:      minmay_slanted_spiral_squares, layout_loops_ring,
          kennysheep_mini_moat, mainiacjoe_overflow_catwalk,
          ebering_dispersal_statue_hall, the_hattery
D:8:      layout_basic, kennysheep_generic_room_2, uniq_erica
Temple:   pf_slime_end_temple

Skill      XL: |  1  2  3  4  5  6  7  8  9 |
---------------+----------------------------+-----
Spellcasting   | 3 4 5 6 8 10 | 10.5
Stealth        | 2 3 |  3.1
Dodging        | 3 |  3.4

Action                     |  1- 3 |  4- 6 |  7- 9 | 10-12 || total
---------------------------+-------+-------+-------+-------++-------
   Cast: Foxfire           |    46 |    53 |   122 |     4 ||   225
         Scorch            |     6 |    17 |    41 |     5 ||    69
         Inner Flame       |       |    32 |    55 |     6 ||    93
         Confusing Touch   |       |       |     2 |       ||     2
         Anguish           |       |       |     1 |       ||     1
         Volatile Blastmot |       |       |     1 |       ||     1
  Dodge: Dodged            |     2 |     2 |     5 |     5 ||    14
